 Dungeon Crawl Stone Soup version 0.29.1-1-gd02db6906a (webtiles) character file.

Game seed: 15594992813015264272

120574 mortz the Earth Mage (level 17, -1/76 HPs)
             Began as a Kobold Earth Elementalist on Oct 8, 2022.
             Was a High Priest of Hepliaklqana.
             Slain by an orc warlord
             ... wielding a +3 bardiche of protection
              (30 damage)
             ... on level 2 of the Orcish Mines on Oct 9, 2022.
             The game lasted 02:50:52 (29845 turns).

mortz the Earth Mage (Kobold Earth Elementalist)   Turns: 29845, Time: 02:50:53

Health: -1/76      AC: 15    Str:  5    XL:     17   Next: 37%
Magic:  23/45      EV: 15    Int: 26    God:    Hepliaklqana [*****.]
Gold:   2085       SH:  0    Dex: 16    Spells: 16/46 levels left

rFire   + . .      SeeInvis .   a - +3 dagger (freeze)
rCold   . . .      Faith    .   (no shield)
rNeg    . . .      Spirit   .   U - +3 leather armour {rF+}
rPois   +          Reflect  .   W - +1 helmet
rElec   .          Harm     .   z - +0 cloak {rCorr}
rCorr   +          Rampage  .   d - +2 pair of gloves
Will    ++...                   F - +1 pair of boots
Stlth   +++++.....              G - amulet "Xocotz" {RegenMP *Corrode rPois Will+ Int+2}
HPRegen 0.22/turn               e - ring of flight
MPRegen 0.69/turn               S - ring of magical power

@: flying
A: reduced essence, small, no large weapons, nightstalker 3
a: Renounce Religion, Recall Ancestor, Ancestor Identity, Transference, Idealise


You were on level 2 of the Orcish Mines.
You worshipped Hepliaklqana.
Hepliaklqana was extremely pleased with you.
You visited 4 branches of the dungeon, and saw 20 of its levels.
You also visited: Sewer and Bailey.

You collected 2085 gold pieces.

Inventory:

Hand Weapons
 a - a +3 dagger of freezing (weapon)
 C - a +4 hand axe
Missiles
 X - 6 throwing nets
Armour
 d - a +2 pair of gloves (worn)
 i - a +1 leather armour of cold resistance
 p - a +2 robe of willpower
 z - a +0 cloak of preservation (worn)
 F - a +1 pair of boots (worn)
 Q - a +0 plate armour of fire resistance
 T - the +1 scale mail "Uzioga" {Rampage Will+ Int+4}
   (You found it in a bailey)

   Int:       It affects your intelligence (+4).
   Rampage:   It bestows one free step when moving towards enemies.
   Will:      It increases your willpower.
 U - a +3 leather armour of fire resistance (worn)
 V - a scarf of repulsion
 W - a +1 helmet (worn)
 Z - a +0 cloak of stealth
Jewellery
 c - a +6 ring of dexterity
 e - a ring of flight (left hand)
 j - a +6 ring of strength
 k - a +4 ring of evasion
 l - a ring of ice
 q - a ring of positive energy
 w - a ring of willpower
 y - a +6 ring of dexterity
 G - the amulet "Xocotz" (around neck) {RegenMP *Corrode rPois Will+ Int+2}
   (You found it on level 5 of the Lair of Beasts)

   [amulet of magic regeneration]

   It increases your rate of magic regeneration.
   Int:       It affects your intelligence (+2).
   rPois:     It protects you from poison.
   *Corrode:  It may corrode you when you take damage.
   Will:      It increases your willpower.
 H - an amulet of magic regeneration
 S - a ring of magical power (right hand)
Wands
 b - a wand of polymorph (2)
 v - a wand of charming (3)
 x - a wand of roots (28)
 K - a wand of flame (25)
 N - a wand of light (10)
Scrolls
 h - 2 scrolls of identify
 o - a scroll of amnesia
 r - a scroll of fear
 t - 7 scrolls of teleportation
 I - 3 scrolls of butterflies
 J - a scroll of summoning
 M - 4 scrolls of blinking
 P - 3 scrolls of immolation
 Y - a scroll of poison
Potions
 f - a potion of cancellation
 g - 3 potions of attraction
 m - 3 potions of brilliance
 n - a potion of resistance
 s - 7 potions of haste
 u - 5 potions of invisibility
 A - 6 potions of curing
 B - 6 potions of might
 D - 5 potions of flight
 L - 5 potions of heal wounds
 O - 4 potions of lignification
 R - 3 potions of mutation
Miscellaneous
 E - a box of beasts


   Skills:
 + Level 2.4 Fighting
 + Level 2.9 Short Blades
 + Level 4.1 Armour
 + Level 4.5 Dodging
 + Level 8.9 Stealth
 + Level 15.0 Spellcasting
 * Level 11.8 Conjurations
 + Level 1.2 Transmutations
 * Level 10.6 Fire Magic
 + Level 15.2 Earth Magic
 + Level 6.7 Invocations


You had 16 spell levels left.
You knew the following spells:

 Your Spells              Type           Power      Damage    Failure   Level
a - Sandblast             Erth           100%       2d20      0%          1
b - Foxfire               Conj/Fire      100%       2x1d9     1%          1
e - Petrify               Tmut/Erth      58%        N/A       1%          4
f - Fireball              Conj/Fire      33%        3d14      1%          5
h - Hailstorm             Conj/Ice       50%        3d11      3%          4
p - Passwall              Tmut/Erth      48%        N/A       1%          2
s - Stone Arrow           Conj/Erth      100%       3d13      1%          3
w - Flame Wave            Conj/Fire      67%        2d15      1%          4
x - Starburst             Conj/Fire      33%        6d10      6%          6

Your spell library contained the following spells:

 Spells                   Type           Power      Damage    Failure   Level
 Scorch                   Fire           100%       2d10      1%          2
 Conjure Flame            Conj/Fire      67%        6-21      1%          3
 Inner Flame              Hex/Fire       47%        N/A       1%          3
 Freeze                   Ice            76%        1d9       4%          1
 Slow                     Hex            76%        N/A       4%          1
 Borgnjor's Vile Clutch   Necr/Erth      28%        N/A       5%          5
 Ensorcelled Hibernation  Hex/Ice        38%        N/A       6%          2
 Spider Form              Tmut/Pois      22%        N/A       10%         3
 Confusing Touch          Hex            19%        N/A       13%         3
 Frozen Ramparts          Ice            38%        1d6       13%         3
 Gell's Gravitas          Tloc           19%        N/A       13%         3
 Lesser Beckoning         Tloc           19%        N/A       13%         3
 Portal Projectile        Hex/Tloc       38%        N/A       13%         3
 Summon Guardian Golem    Hex/Summ       19%        N/A       13%         3
 Teleport Other           Tloc           19%        N/A       13%         3
 Tukima's Dance           Hex            19%        N/A       13%         3
 Vampiric Draining        Necr           19%        2d7       13%         3
 Orb of Destruction       Conj           34%        9d10      28%         7
 Anguish                  Hex/Necr       9%         N/A       38%         4
 Animate Dead             Necr           19%        N/A       38%         4
 Cause Fear               Hex            9%         N/A       38%         4
 Summon Ice Beast         Ice/Summ       19%        N/A       38%         4
 Blade Hands              Tmut           13%        N/A       56%         5
 Summon Mana Viper        Hex/Summ       19%        N/A       75%         5
 Spellforged Servitor     Conj/Summ      25%        N/A       97%         7
 Ignition                 Fire           33%        3d10      98%         8
 Death Channel            Necr           9%         N/A       100%        6
 Summon Cactus Giant      Summ           9%         N/A       100%        6
 Monstrous Menagerie      Summ           9%         N/A       100%        7
 Discord                  Hex            9%         N/A       100%        8


Dungeon Overview and Level Annotations

Branches:
Dungeon (12/15) Zot: 24804  Temple (1/1) D:6 Zot: 5819    Lair (5/5) D:10 Zot: 21343
  Swamp (0/4) Lair:3       Spider (0/4) Lair:3        Slime (0/5) Lair:5
    Orc (2/2) D:12 Zot: 10179     Elf (0/3) Orc:2         Sewer (visited)
 Bailey (visited)

Altars:
Ashenzari
Cheibriados
Dithmenos
Elyvilon
Fedhas
Gozag
Hepliaklqana
Kikubaaqudgha
Makhleb
Nemelex Xobeh
Okawaru
Qazlal
Ru
Sif Muna
Trog
Uskayaw
Vehumet
Wu Jian
Xom
Yredelemnul
Zin
The Shining One
Jiyva

Shops:
D:7 :   D:8 (   Orc:2 *!(!*:

Annotations:
D:10 3 runed translucent doors, Rudyous's ghost, journeyman MiFi
Lair:3 2 transporters, quakins's ghost, journeyman GrEE


Innate Abilities, Weirdness & Mutations

Your life essence is reduced to manifest your ancestor. (-10% HP)
You are small and have problems with some larger weapons.
You are completely attuned to the shadows.


Message History

An orc comes into view. It is wielding a +0 club.
The orc knight roars a battlecry!
The orc warlord goes into a battle-frenzy!
You hear a shout! x2
Casting: Fireball (dangerous; 1% risk of failure)
Confirm with . or Enter, or press ? or * to list all spells.
Aiming: Fireball (dangerous; 1% risk of failure)
Press: ? - help, Shift-Dir - straight line, f/p - orc warlord
Aim: an orc warlord, wielding a +3 bardiche of protection and wearing a +0 plate armour (lightly wounded, strong, ally target)
The fireball explodes!
The fireball engulfs the orc warlord!
The orc warlord is moderately wounded.
The fireball engulfs the orc knight!!
You kill the orc knight!
Mortz avoids your attack. The orc warlord completely misses you.
Mortz hits the orc warlord but does no damage.
Mortz closely misses the orc.
Casting: Fireball (dangerous; 1% risk of failure)
Confirm with . or Enter, or press ? or * to list all spells.
Aiming: Fireball (dangerous; 1% risk of failure)
Press: ? - help, Shift-Dir - straight line, f/p - orc warlord
Aim: an orc warlord, wielding a +3 bardiche of protection and wearing a +0 plate armour (moderately wounded, strong, ally target)
The fireball explodes!
The fireball engulfs the orc warlord!!
The orc warlord is heavily wounded.
The fireball engulfs the orc!!
You kill the orc!
Mortz avoids your attack.
The orc warlord hits you from afar with a +3 bardiche of protection!!!
Ouch! That really hurt!
Mortz hits the orc warlord but does no damage.
Casting: Fireball (dangerous; 1% risk of failure)
Confirm with . or Enter, or press ? or * to list all spells.
Aiming: Fireball (dangerous; 1% risk of failure)
Press: ? - help, Shift-Dir - straight line, f/p - orc warlord
Aim: an orc warlord, wielding a +3 bardiche of protection and wearing a +0 plate armour (heavily wounded, strong, ally target)
The fireball explodes!
The fireball engulfs the orc warlord!!
The orc warlord is severely wounded.
Mortz avoids your attack.
You hear a shout!
The orc warlord hits you from afar with a +3 bardiche of protection!!
You die...

<..o))..........................#
...........##########....)......#
.........### #...###.....#....#
....)...## #...# #...........
....#...# .. #...####..........
.......## #'###'##8.#..........
.......# .)).......).8......#.
.....).# .)R8......'.......)..
.......# .)o.@.....))8))......
.[.....## #'###'##8.#))).......
...))#..# #...####))...#....
...[....## #...# #..........#
.........### #...###..........#
...<.......##########.....)...#.#
..........)..).)..)..........##.#
...[.....<..##)#)##..#.......##.#
##'#.......#.#)))#..........###.#


You could see the friendly mortz the knight and an orc warlord (strong, ally
target).

Vanquished Creatures
  A fire dragon (Lair:5)
  4 hydras
  A boulder beetle (D:12)
  A centaur warrior (D:12)
  3 two-headed ogres
  A death yak (Lair:2)
  A lindwurm (Lair:3)
  2 deep elf pyromancers (D:12)
  An orc knight (Orc:2)
  2 cyclopes (D:12)
  2 orc sorcerers (Orc:2)
  2 manticores (D:11)
  12 elephants
  3 black mambas (Lair:5)
  A torpor snail (Lair:3)
  A gargoyle (Bailey)
  10 cane toads
  A rime drake (Lair:4)
  5 komodo dragons
  An unseen horror (D:12)
  A wind drake (shapeshifter) (D:12)
  3 polar bears
  A tyrant leech (Lair:3)
  4 trolls
  2 hornets
  20 blink frogs
  5 dream sheep
  2 slime creatures (D:12)
  2 spriggans (D:9)
  2 vampires
  22 yaks
  5 wyverns
  3 basilisks
  2 wraiths (D:12)
  3 steam dragons
  A chaos spawn (D:9)
  6 wargs
  2 swamp worms (Lair:3)
  14 water moccasins
  2 acid dragons (D:12)
  29 orc warriors
  2 ice beasts
  2 black bears (D:6)
  19 wolves
  9 ogres
  8 centaurs
  2 phantoms (D:6)
  Blork the orc (D:4)
  2 kobold brigands (Sewer)
  13 bullfrogs
  A scorpion (D:5)
  3 gnoll sergeants
  4 necrophages
  8 wights
  15 killer bees
  9 electric eels
  6 wolf zombies (Bailey)
  8 vampire bats (Bailey)
  4 howler monkeys
  A human zombie (D:4)
  4 lava snakes (Lair:5)
  25 orc priests
  8 hounds
  Crazy Yiuf (D:3)
  4 gnoll boudas
  4 jellies
  7 iguanas
  4 hell rats (Lair:5)
  37 orc wizards
  2 hound zombies (D:4)
  26 gnolls
  14 adders
  7 river rats
  2 shadow imps
  A white imp (D:6)
  An ufetubus (D:7)
  3 adder zombies (D:4)
  5 worms
  A dart slug (D:2)
  92 orcs
  8 bats
  8 endoplasms
  3 giant cockroaches
  13 goblins
  9 hobgoblins
  7 jackals
  4 quokkas (D:1)
  13 ball pythons
  8 frilled lizards
  5 kobolds
  15 orc zombies (Bailey)
  12 rats
656 creatures vanquished.

Vanquished Creatures (collateral kills)
  An orc warlord (Orc:1)
  Harold (D:11)
  3 hydras
  3 two-headed ogres
  4 death yaks
  An orc high priest (Orc:2)
  The ghost of hawla the Thaumaturge, a novice DEWn of Vehumet (D:9)
  An orb spider (Lair:3)
  A lindwurm (Lair:5)
  An ugly thing (D:12)
  Maurice (D:11)
  5 elephants
  2 cyclopes
  3 black mambas
  3 molten gargoyles (Lair:5)
  5 cane toads
  2 unseen horrors
  3 rime drakes
  6 komodo dragons
  2 trolls
  A hornet (D:9)
  A tyrant leech (Lair:3)
  A slime creature (D:12)
  A dream sheep (Lair:3)
  5 blink frogs
  Sigmund (D:2)
  6 wraiths
  A shadow (D:11)
  A spriggan (D:9)
  11 yaks
  A wyvern (Lair:5)
  4 basilisks
  A chaos spawn (D:9)
  A vampire mosquito (D:12)
  A warg (Orc:1)
  4 hell hounds (Lair:5)
  8 orc warriors
  4 wolves
  An ogre (Orc:1)
  A centaur (D:9)
  2 bullfrogs
  A gnoll sergeant (D:12)
  A wight (D:7)
  A killer bee (D:9)
  A lava snake (Lair:5)
  2 orc priests (Orc:2)
  An iguana (D:8)
  2 orc wizards
  A gnoll (D:10)
  11 orcs
127 creatures vanquished.

Vanquished Creatures (others)
  5 knights
  29 foxfires
  25 fungi
  42 plants
  6 withered plants (D:5)
107 creatures vanquished.

Grand Total: 890 creatures vanquished

Notes
Turn   | Place    | Note
-------+----------+-------------------------------------------
     0 | D:1      | mortz the Kobold Earth Elementalist began the quest for the
                  | Orb.
     0 | D:1      | Reached XP level 1. HP: 10/10 MP: 3/3
   223 | D:1      | Reached XP level 2. HP: 15/15 MP: 3/5
   226 | D:1      | Learned a level 2 spell: Passwall
   579 | D:1      | Reached XP level 3. HP: 19/19 MP: 4/6
   862 | D:1      | Found a faded altar of an unknown god.
  1209 | D:2      | Learned a level 3 spell: Stone Arrow
  1277 | D:2      | Reached XP level 4. HP: 24/24 MP: 8/8
  1558 | D:2      | Found a glowing silver altar of Zin.
  1608 | D:2      | Noticed Sigmund
  1943 | D:3      | Reached XP level 5. HP: 28/28 MP: 5/9
  2767 | D:3      | Found a sparkling altar of Nemelex Xobeh.
  2767 | D:3      | Found an opulent altar of Gozag.
  3096 | D:3      | You fall into a shaft and drop 1 floor!
  3337 | D:4      | Reached skill level 5 in Stealth
  3337 | D:4      | Reached XP level 6. HP: 27/32 MP: 6/11
  3434 | D:4      | Reached skill level 1 in Conjurations
  3459 | D:4      | Found a glowing drain.
  3465 | Sewer    | Entered a sewer
  3498 | Sewer    | Reached XP level 7. HP: 33/36 MP: 4/13
  3724 | Sewer    | Reached skill level 5 in Earth Magic
  4124 | Sewer    | Reached skill level 5 in Spellcasting
  4566 | D:3      | Found a runed translucent door.
  4569 | D:3      | Noticed Crazy Yiuf
  4843 | D:4      | Noticed Blork the orc
  4845 | D:4      | Killed Blork the orc
  4846 | D:4      | Reached skill level 1 in Short Blades
  4894 | D:4      | Reached XP level 8. HP: 42/42 MP: 14/16
  5513 | D:4      | Found a basalt altar of Yredelemnul.
  5561 | D:4      | Learned a level 1 spell: Foxfire
  5795 | D:5      | Entered Level 5 of the Dungeon
  5980 | D:5      | Reached XP level 9. HP: 45/46 MP: 12/19
  6370 | D:5      | Found an ancient bone altar of Kikubaaqudgha.
  6374 | D:5      | Found a blossoming altar of Fedhas.
  6506 | D:5      | Found a hide-covered altar of Uskayaw.
  6897 | D:6      | Found a white marble altar of Elyvilon.
  6901 | D:6      | Found an iron altar of Okawaru.
  6905 | D:6      | Found a stormy altar of Qazlal.
  6909 | D:6      | Found a glowing golden altar of the Shining One.
  6912 | D:6      | Found a bloodstained altar of Trog.
  6915 | D:6      | Found a glowing silver altar of Zin.
  6985 | D:6      | Found a staircase to the Ecumenical Temple.
  6998 | Temple   | Entered the Ecumenical Temple
  7141 | Temple   | Became a worshipper of Hepliaklqana the Forgotten
  7230 | D:6      | Found an ornate altar of the Wu Jian Council.
  8105 | D:6      | Found a glowing silver altar of Zin.
  8234 | D:6      | Found an ornate altar of the Wu Jian Council.
  8454 | D:6      | Found a white marble altar of Elyvilon.
  8458 | D:6      | Found an iron altar of Okawaru.
  8463 | D:6      | Found a stormy altar of Qazlal.
  8467 | D:6      | Found a glowing golden altar of the Shining One.
  8470 | D:6      | Found a bloodstained altar of Trog.
  8781 | D:7      | Found a flagged portal.
  8812 | Bailey   | Entered a bailey
  8947 | Bailey   | Noticed a gargoyle
  8953 | Bailey   | Killed a gargoyle
  8954 | Bailey   | Reached XP level 10. HP: 33/51 MP: 9/22
  9195 | Bailey   | Reached skill level 5 in Conjurations
  9515 | Bailey   | Identified the +1 scale mail "Uzioga" {Rampage Will+ Int+4}
  9843 | D:7      | Reached skill level 1 in Fighting
 10003 | D:7      | Reached * piety under Hepliaklqana
 10124 | D:7      | Found a shadowy altar of Dithmenos.
 10343 | D:7      | Found Ytroofeu's Vocational Training.
 10964 | D:7      | Found a shadowy altar of Dithmenos.
 11219 | D:7      | Found Ytroofeu's Vocational Training.
 11830 | D:8      | Reached skill level 1 in Armour
 12103 | D:8      | Reached XP level 11. HP: 51/51 MP: 14/24
 12110 | D:8      | Reached skill level 10 in Earth Magic
 12336 | D:8      | Reached ** piety under Hepliaklqana
 12337 | D:8      | Remembered your ancestor mortz as a knight
 12431 | D:8      | Found a shimmering blue altar of Sif Muna.
 12894 | D:8      | Found Ethag's Weapon Shop.
 13263 | D:9      | Found the +7 mace of Variability {chain chaos}
 13302 | D:9      | Found a shimmering altar of Xom.
 13371 | D:9      | Found a burning altar of Makhleb.
 13432 | D:9      | Reached skill level 10 in Spellcasting
 13603 | D:9      | Found a runed translucent door.
 14072 | D:9      | Noticed hawla's ghost (novice DEWn)
 14090 | D:10     | Entered Level 10 of the Dungeon
 14674 | D:10     | Found a runed translucent gate.
 14675 | D:10     | Found a runed translucent gate.
 14676 | D:10     | Found a runed translucent gate.
 14682 | D:10     | Noticed Rudyous's ghost (journeyman MiFi)
 15173 | D:10     | Found a staircase to the Lair.
 15546 | Lair:1   | Entered Level 1 of the Lair of Beasts
 15615 | Lair:1   | Reached XP level 12. HP: 55/55 MP: 22/26
 15851 | Lair:1   | Reached *** piety under Hepliaklqana
 15922 | Lair:1   | Reached skill level 1 in Invocations
 15955 | Lair:1   | Identified the amulet "Ycluel" {Harm Regen+ Str+4 Dex-3}
 16761 | Lair:2   | Noticed a seven-headed hydra
 16767 | Lair:2   | Killed a seven-headed hydra
 16948 | Lair:2   | Noticed a death yak
 16948 | Lair:2   | Noticed a death yak
 16950 | Lair:2   | Noticed a death yak
 16950 | Lair:2   | Noticed a death yak
 16951 | Lair:2   | Noticed a death yak
 16952 | Lair:2   | Killed a death yak
 16968 | Lair:2   | Killed a death yak
 16976 | Lair:1   | Killed a death yak
 17311 | Lair:2   | Killed a death yak
 17333 | Lair:2   | Killed a death yak
 17605 | Lair:2   | Reached XP level 13. HP: 59/59 MP: 19/29
 17821 | Lair:2   | Reached **** piety under Hepliaklqana
 18024 | Lair:2   | Reached skill level 5 in Invocations
 18450 | Lair:3   | You fall into a shaft and drop 2 floors!
 18450 | Lair:5   | Entered Level 5 of the Lair of Beasts
 18958 | Lair:3   | Noticed a four-headed hydra
 19300 | Lair:3   | Found a staircase to the Swamp.
 19671 | Lair:3   | Found a transporter.
 19672 | Lair:3   | Found a transporter.
 19673 | Lair:3   | Noticed quakins's ghost (journeyman GrEE)
 20071 | Lair:3   | Killed a four-headed hydra
 20072 | Lair:3   | Reached XP level 14. HP: 64/64 MP: 30/30
 20089 | Lair:3   | Reached XP level 15. HP: 68/68 MP: 31/31
 20090 | Lair:3   | Reached skill level 10 in Conjurations
 20090 | Lair:3   | Reached XP level 16. HP: 72/72 MP: 32/32
 20096 | Lair:3   | Learned a level 4 spell: Flame Wave
 20102 | Lair:3   | Learned a level 5 spell: Fireball
 20107 | Lair:3   | Learned a level 4 spell: Petrify
 20539 | Lair:3   | Found a hole to the Spider Nest.
 22624 | Lair:5   | Reached ***** piety under Hepliaklqana
 22667 | Lair:5   | Found a viscous altar of Jiyva.
 22684 | Lair:5   | Found a staircase to the Slime Pits.
 23134 | Lair:5   | Found a large runed translucent door.
 23261 | Lair:5   | Found a large runed translucent door.
 23403 | Lair:5   | Identified the amulet "Xocotz" {RegenMP *Corrode rPois
                  | Will+ Int+2}
 24205 | D:2      | Killed Sigmund
 24269 | D:3      | Killed Crazy Yiuf
 24502 | D:9      | Killed hawla's ghost
 24502 | D:9      | Identified the +1 spear of Bankruptcy {holy, *Noise rElec
                  | rN+ rCorr}
 24884 | D:11     | Noticed Maurice
 24887 | D:11     | Killed Maurice
 24982 | D:11     | Noticed Harold
 24987 | D:11     | Killed Harold
 24996 | D:11     | Learned a level 4 spell: Hailstorm
 25669 | D:11     | Reached skill level 10 in Fire Magic
 25933 | D:12     | Found a staircase to the Orcish Mines.
 26819 | D:12     | Reached XP level 17. HP: 53/76 MP: 35/35
 27646 | D:12     | Learned a level 6 spell: Starburst
 27696 | D:12     | Reached skill level 15 in Earth Magic
 27900 | Orc:1    | Entered Level 1 of the Orcish Mines
 28694 | Orc:2    | Entered Level 2 of the Orcish Mines
 28857 | Orc:2    | Found Wuafum's General Store.
 28920 | Orc:2    | Found a staircase to the Elven Halls.
 28961 | Orc:2    | Found Xyhot's Distillery.
 29270 | Orc:2    | Found Jivas's Antique Weapon Shoppe.
 29555 | Orc:2    | Found Ojolidipn's Book Emporium.
 29607 | Orc:2    | Found Usheota's Assorted Antiques.
 29626 | Orc:2    | Reached skill level 15 in Spellcasting
 29648 | Orc:2    | Found Omur Meu's Distillery.
 29845 | Orc:2    | Slain by an orc warlord

Illustrated notes

Levels and vault maps discovered:
D:1:      shiori_shiawase, layout_loops_ring,
          dreamdust_ecumenical_altar_angels_and_demons, minmay_heptomino_o4
D:2:      layout_basic, basic_altar, chequers_serial_rivers_micro_a,
          uniq_sigmund
D:3:      layout_loops_corners, grunt_temple_overflow_opulence,
          uniq_crazy_yiuf_cottage
D:4:      layout_basic, lemuel_mausoleum_altar_yredelemnul,
          lightli_sewer_entry_pipes, uniq_blork_the_orc
D:5:      layout_cave_pools, grunt_temple_overflow_growth_and_decay,
          nicolae_uskayaw_dance_hall
D:6:      layout_cave_pods, old_standard_altar,
          nicolae_overflow_hallway_of_the_gods, minmay_temple_entry_statues,
          grunt_tough_drop
D:7:      layout_gridville, mainiacjoe_overflow_catwalk, enter_bailey_5,
          grunt_ministairs_1, nicolae_shop_vocational
D:8:      layout_cave_pods, general_overflow_altar, serial_shops,
          nicolae_square_shop, minivault_27, minmay_misc_feat_square,
          minmay_lizard_king
D:9:      layout_loops_ring, mainiacjoe_overflow_chevrons,
          ebering_ghost_funeral_grove, minmay_guarded_unrand_variability
D:10:     layout_irregular_city, erik_lair_island, gammafunk_ghost_nasty_kobolds
D:11:     layout_cave_pods, uniq_maurice, uniq_harold
D:12:     cheibrodos_ideogram_h, layout_cave_pods, orc_0_dummy, hive_lemuel
Temple:   hellmonk_temple_beads
Lair:1:   layout_long_grid, infiniplex_staircase_pool_2, grunt_megastairs_4
Lair:2:   layout_big_grid, serial_bayou_shore_a
Lair:3:   layout_misc_corridors, minmay_swamp_entry_worms,
          nicolae_spider_entry_orb_guardian, gammafunk_ghost_hive
Lair:4:   layout_roguey, lemuel_fruit_tree
Lair:5:   cheibrodos_lair_end_hotspot, layout_cave_pods,
          nicolae_slime_entry_slimehenge
Orc:1:    layout_caves, nicolae_orc_tapped_out
Orc:2:    grunt_orc_community_town_hall, layout_caves,
          grunt_orc_community_big_house_1, grunt_orc_community_big_house_1,
          grunt_orc_community_house_2, grunt_orc_community_house_3,
          grunt_orc_community_house_2, grunt_orc_community_house_2,
          grunt_orc_community_house_2, grunt_orc_community_house_3,
          serial_shops, shop, shop, shop, shop, nicolae_shop_behind_doors

Skill      XL: |  1  2  3  4  5  6  7  8  9 10 11 12 13 14 15 16 17 |
---------------+----------------------------------------------------+-----
Stealth        | 3 4 5 6 7 8 |  8.9
Earth Magic    | 4 5 6 8 9 11 12 13 14 15 | 15.2
Spellcasting   | 3 4 5 6 8 9 10 12 14 15 | 15.0
Conjurations   | 1 2 3 4 6 7 9 10 11 | 11.8
Short Blades   | 1 2 |  2.9
Fighting       | 1 2 |  2.4
Dodging        | 3 4 |  4.5
Armour         | 1 2 3 4 |  4.1
Invocations    | 4 6 |  6.7
Fire Magic     | 7 8 10 | 10.6
Transmutations | |  1.2

Action                   |  1- 3 |  4- 6 |  7- 9 | 10-12 | 13-15 | 16-18 || total
-------------------------+-------+-------+-------+-------+-------+-------++-------
Melee: Short sword       |     4 |       |       |       |       |       ||     4
       Dagger            |     8 |    17 |    25 |     6 |     9 |    24 ||    89
 Cast: Sandblast         |    37 |    75 |    85 |       |    82 |   323 ||   602
       Stone Arrow       |       |       |    75 |   354 |    74 |    38 ||   541
       Passwall          |       |       |       |       |     5 |     1 ||     6
       Fireball          |       |       |       |       |       |    75 ||    75
       Foxfire           |       |       |       |       |       |    16 ||    16
       Hailstorm         |       |       |       |       |       |     2 ||     2
       Flame Wave        |       |       |       |       |       |     1 ||     1
Invok: Recall Ancestor   |       |       |       |     1 |     2 |     1 ||     4
       Ancestor Identity |       |       |       |     1 |       |       ||     1
       Ancestor Life: Kn |       |       |       |     1 |       |       ||     1
  Use: Potion            |     1 |       |     1 |     2 |     3 |     1 ||     8
       Scroll            |     6 |     3 |     5 |     9 |     5 |     5 ||    33
 Stab: Sleeping          |    11 |    17 |    15 |     2 |     5 |    18 ||    68
Armor: Robe              |     3 |    22 |    20 |     7 |       |       ||    52
       Leather armour    |       |       |       |    36 |    52 |    57 ||   145
Dodge: Dodged            |    16 |    36 |    43 |   101 |   112 |   108 ||   416
